 Dungeon Crawl Stone Soup version 0.32-a0-868-g153ae1a8d6 (webtiles) character file.

Game seed: 15510645098977358942

7 Frost42 the Chopper (level 1, 14/17 (18) HPs)
             Began as a Mountain Dwarf Reaver on Mar 28, 2024.
             Got out of the dungeon alive.
             The game lasted 00:03:58 (5073 turns).

Frost42 the Chopper (Mountain Dwarf Reaver)         Turns: 5073, Time: 00:03:59

HP:   14/17 (18)    AC:  3    Str: 14    XL:     1   Next: 91%
MP:   3/3           EV: 10    Int: 13    God:
Gold: 5             SH:  0    Dex:  8    Spells: 2/3 levels left

rFire   . . .        a - +0 hand axe
rCold   . . .        (no shield)
rNeg    . . .        b - +0 leather armour
rPois   .            (no helmet)
rElec   .            (no cloak)
rCorr   .            (no gloves)
SInv    .            (no boots)
Will    .....        (no amulet)
Stlth   +            (no ring)
HPRegen 0.22/turn    (no ring)
MPRegen 0.08/turn

%: no passive effects
@: drained
A: runic magic, artefact enchanting
a: no special abilities


You escaped.
You visited 1 branch of the dungeon, and saw 2 of its levels.

You collected 5 gold pieces.

Inventory:

Hand Weapons
 a - a +0 hand axe (weapon)
Missiles
 c - 12 stones (quivered)
Armour
 b - a +0 leather armour (worn)
Scrolls
 d - a scroll of identify


   Skills:
 + Level 2.3 Fighting
 * Level 3.9 Axes
 * Level 1.6 Dodging
 * Level 1.7 Spellcasting
 + Level 2.6 Conjurations


You had 2 spell levels left.
You knew the following spells:

 Your Spells              Type           Power      Damage    Failure   Level
a - Kiss of Death         Conj/Necr      16%        2d6       16%         1

Your spell library contained the following spells:

 Spells                   Type           Power      Damage    Failure   Level
 Momentum Strike          Conj/Tloc      8%         3d8       24%         2
 Hailstorm                Conj/Ice       4%         3d5       43%         3


Dungeon Overview and Level Annotations

Branches:
Dungeon (2/15)

Altars:


Innate Abilities, Weirdness & Mutations

Your spellcasting is much less encumbered by armour.
You can use scrolls of enchantment on lesser artefacts.


Message History

The frilled lizard hisses angrily.
There is a stone staircase leading up here.
Throw: 14 stones
Press: ? - help, Q - select action, (/) - cycle Shift-Dir - straight line, f - frilled lizard
Aim: a frilled lizard (26% to hit)
You throw a stone. The stone misses the frilled lizard.
Throw: 13 stones
Press: ? - help, Q - select action, (/) - cycle Shift-Dir - straight line, f/p - frilled lizard
Aim: a frilled lizard (26% to hit)
You throw a stone. The stone hits the frilled lizard.
You kill the frilled lizard!
Unknown command.
A frilled lizard comes into view.
The frilled lizard hisses angrily.
A dart slug comes into view.
The frilled lizard unfolds its giant frill.
The frilled lizard bites you but does no damage.
You hit the frilled lizard.
You kill the frilled lizard!
You see here a frilled lizard corpse.
The dart slug launches a dart at you. The slug dart hits you.
You hit the dart slug.
The dart slug is moderately wounded.
The dart slug barely misses you.
You hit the dart slug.
The dart slug is severely wounded.
The dart slug bites you.
You slash the dart slug!
You kill the dart slug!
You see here a dart slug corpse.
Unknown command.
You see here a dart slug corpse.
You see here a frilled lizard corpse.
There is a stone staircase leading up here.
You climb upwards.
There is a stone staircase leading down here.
There is a stone staircase leading down here.
There is a staircase leading out of the dungeon here.
You have escaped!

###...... #...#####
###############.#.#####
................#......
####......######.#.#####
.................#.#
#..##......##..##.#.#
..................#.#
#######>@##########.#####
.............##..........
#######.###...#.#..# ##..
#.# #.....#..####..
#.#####............
#.....(.....#####.# #####
####........# #.# #...#
#.######.# #.# #### #.#.#
#.# #.# #.#


There were no monsters in sight!

Vanquished Creatures
  A dart slug (D:2)
  An endoplasm (D:1)
  A kobold (D:1)
  2 frilled lizards (D:2)
  A rat (D:1)
6 creatures vanquished.

Notes
Turn   | Place    | Note
-------+----------+-------------------------------------------
     0 | D:1      | Frost42 the Mountain Dwarf Reaver began the quest for the
                  | Orb.
     0 | D:1      | Reached XP level 1. HP: 17/17 MP: 3/3
  4998 | D:1      | Glimpsed the power of Zot.
  5073 | D:$      | Got out of the dungeon alive.

Illustrated notes

Levels and vault maps discovered:
D:1:      dpeg_arrival_line_fractal, layout_basic
D:2:      layout_rooms

Action                     || total
---------------------------++-------
  Melee: Hand axe          ||    14
  Throw: Stone             ||     2
   Cast: Kiss of Death     ||     1
    Use: Scroll            ||     1
 Armour: Leather armour    ||    10
  Dodge: Dodged            ||     6

Table legend: (Time is in decaauts)
 A = Elapsed time spent in this place.
 B = Non-inter-level travel time spent in this place.
 C = Inter-level travel time spent in this place.
 D = Time resting spent in this place.
 E = Time spent auto-exploring this place.
 F = Levels seen in this place.
 G = Mean time per level.
                   A        B        C        D        E       F      G
               +--------+--------+--------+--------+--------+-----+--------+
         Total |   5075 |   5030 |     45 |   4667 |     18 |   2 | 2537.5 |
       Dungeon |   5075 |   5030 |     45 |   4667 |     18 |   2 | 2537.5 |
               +--------+--------+--------+--------+--------+-----+--------+

Top non-repeatable levels by time:
     D:1: 5046 daAuts
     D:2: 28 daAuts
